 Dungeon Crawl Stone Soup version 0.31-a0-162-gc4c5a43528 (webtiles) character file.

Game seed: 360218983950394490

44 qw the Shooter (level 3, -5/22 HPs)
             Began as a Gargoyle Hunter on June 12, 2023.
             Slain by a gnoll
             ... wielding a +0 spear
              (6 damage)
             ... on level 2 of the Dungeon.
             The game lasted 00:00:15 (1204 turns).

qw the Shooter (Gargoyle Hunter)                    Turns: 1204, Time: 00:00:15

Health: -5/22      AC:  6    Str: 14    XL:     3   Next: 62%
Magic:  3/3        EV: 11    Int:  9    God:
Gold:   70         SH:  0    Dex: 15    Spells: 2/2 levels left

rFire   . . .        Y - +0 shortbow
rCold   . . .        (shield currently unavailable)
rNeg    + . .        c - +0 leather armour
rPois   inf          (no helmet)
rElec   +            (no cloak)
rCorr   .            (no gloves)
SInv    .            (no boots)
Will    .....        (no amulet)
Stlth   ++           (no ring)
HPRegen 0.23/turn    (no ring)
MPRegen 0.08/turn

%: no passive effects
@: no status effects
A: sickness immunity, AC +3, negative energy resistance 1, electricity
resistance, torment resistance 1, petrification resistance
a: no special abilities


You were on level 2 of the Dungeon.
You visited 1 branch of the dungeon, and saw 2 of its levels.

You collected 70 gold pieces.


Innate Abilities, Weirdness & Mutations

You are immune to sickness and miasma.
Your stone body is resilient. (AC +3)
You are immune to poison.
You resist negative energy. (rN+)
You are resistant to electric shocks. (rElec)
You are resistant to unholy torment.
You are immune to petrification.


   Skills:
 + Level 2.5 Fighting
 - Level 5.1 Ranged Weapons
 - Level 1.5 Dodging
 - Level 1.1 Stealth


You had 2 spell levels left.
You didn't know any spells.
Your spell library was empty.

Inventory:

Hand Weapons
 Y - a +0 shortbow (weapon)
Armour
 c - a +0 leather armour (worn)
Scrolls
 a - a scroll of identify
 b - a scroll of enchant armour {unknown}
 d - a scroll of teleportation {unknown}
Potions
 e - a potion of magic {unknown}

Dungeon Overview and Level Annotations

Branches:
Dungeon (2/15)

Altars:


Message History

The gnoll shouts!
The arrow hits the jackal.
You kill the jackal!
A gnoll comes into view. It is wielding a +3 whip.
You shoot an arrow. The arrow closely misses the bat.
The bat hits you but does no damage.
You shoot an arrow. The arrow hits the bat.
You kill the bat!
A gnoll comes into view. It is wielding a +0 club.
You have reached level 3!
Your experience leads to an increase in your attributes!
Increase (S)trength, (I)ntelligence, or (D)exterity?
You feel agile. x2
You shoot an arrow. The arrow hits the gnoll.
The gnoll is heavily wounded.
You shoot an arrow. The arrow barely misses the gnoll.
You shoot an arrow. The arrow hits the gnoll!
You kill the gnoll!
The gnoll hits you from afar with a +0 spear.
Your Ranged Weapons skill increases to level 5!
You shoot an arrow. The arrow hits the gnoll.
The gnoll is moderately wounded.
The gnoll hits you from afar with a +0 spear.
The gnoll hits you with a +3 whip.
You shoot an arrow. The arrow closely misses the gnoll. x2
The gnoll misses you.
You shoot an arrow. The arrow hits the gnoll.
The gnoll is severely wounded.
The gnoll hits you with a +3 whip.
The gnoll hits you from afar with a +0 spear.
You shoot an arrow. The arrow hits the gnoll.
You kill the gnoll!
The gnoll hits you with a +0 club! The gnoll hits you but does no damage.
You shoot an arrow. The arrow closely misses the gnoll.
The gnoll barely misses you. x2
You shoot an arrow. The arrow hits the gnoll.
The gnoll is moderately wounded.
The gnoll hits you with a +0 club.
The gnoll hits you from afar with a +0 spear.
You die...

.....# ..........
#####..... .......
..........# ...#......
.......
.........%######.....#.#
.>...#.
.....................#..
.......
#...........####[....##.
....##.
$....................##.
....#
......................#.
......g...##............
......)@>###...#####....
.....g..## ###..........
.....#### ######.####
.... #.###. ... #..##.
.. ##..#. . ##... ###.
#.


You could see 2 gnolls.

Vanquished Creatures
  2 gnolls (D:2)
  2 ball pythons (D:1)
  2 bats (D:2)
  3 endoplasms
  A giant cockroach (D:2)
  A goblin (D:2)
  3 jackals (D:2)
  3 quokkas (D:2)
  2 frilled lizards
  A kobold (D:1)
  2 rats
22 creatures vanquished.

Notes
Turn   | Place    | Note
-------+----------+-------------------------------------------
     0 | D:1      | qw the Gargoyle Hunter began the quest for the Orb.
     0 | D:1      | Reached XP level 1. HP: 12/12 MP: 1/1
     0 | D:1      | 0 ||| qw: Version: 0.2-a-29-gc1b59c4
     0 | D:1      | 0 ||| qw: Game counter: 4344
     0 | D:1      | 0 ||| qw: Always use a shield: true
     0 | D:1      | 0 ||| qw: God list: Okawaru
     0 | D:1      | 0 ||| qw: Allow faded altars: false
     0 | D:1      | 0 ||| qw: Do Orc after D:15 true
     0 | D:1      | 0 ||| qw: Do second Lair branch before Depths: true
     0 | D:1      | 0 ||| qw: Lair rune preference: random
     0 | D:1      | 0 ||| qw: Plans: Normal, Zot:1-4, Slime:5, God:TSO, Crypt,
                  | Tomb, Abyss, Pan, Hells, Win
     0 | D:1      | 0 ||| PLANNING D:1-11
   869 | D:1      | 869 ||| READING 2 scrolls labelled DELLEU ZYRA.
   870 | D:1      | 870 ||| DROPPING scroll of butterflies.
   945 | D:2      | Reached XP level 2. HP: 17/17 MP: 2/2
  1196 | D:2      | Reached XP level 3. HP: 21/21 MP: 3/3
  1199 | D:2      | Reached skill level 5 in Ranged Weapons
  1202 | D:2      | HP: 3/21 [gnoll/+0 club (7)]
  1204 | D:2      | HP: 1/22 [gnoll/+0 club (3)]
  1204 | D:2      | Slain by a gnoll

Levels and vault maps discovered:
D:1:      saegor_arrival_simple_b, layout_basic
D:2:      layout_rooms

Skill      XL: |  1  2  3 |
---------------+----------+-----
Ranged Weapons | 5 |  5.1
Fighting       | |  2.5
Dodging        | |  1.5
Stealth        | |  1.1

Action                     || total
---------------------------++-------
   Fire: Shortbow          ||    59
    Use: Scroll            ||     1
 Armour: Leather armour    ||     9
  Dodge: Dodged            ||    14

Table legend:
 A = Non-vault XP
 B = Vault XP
 C = Vault XP percentage of total XP
 D = Non-vault monster count
 E = Vault monster count
 F = Vault count percentage of total count
                 A         B        C        D         E       F
            +---------+---------+-------+---------+---------+-------
      Total |      64 |       0 |   0.0 |      22 |       0 |   0.0
            +---------+---------+-------+---------+---------+-------
        D:1 |       9 |       0 |   0.0 |       6 |       0 |   0.0
        D:2 |      55 |       0 |   0.0 |      16 |       0 |   0.0
            +---------+---------+-------+---------+---------+-------
